Map: New Repugnancy LE

Players

PtitDrogo - Winner!

  • Race: Protoss Protoss
  • League: Master
  • Spawn Location: 1:00

Armani

  • Race: Zerg Zerg
  • Spawn Location: 7:00

Event: 2019 Assembly Summer

VOD

Have the link to the VOD?

Description

Time

  • Played on: Aug. 1, 2019, 6:34 a.m.
  • Length: 18:28

All games in this series

Show
View Real Time Build Order
Export as new Build Order

PtitDrogo Protoss - Winner!

Build Orders: 1 Gate Expand, Archon Immortal, Archon Drop, Dark Templar Rush 

Get SALT Encoding   

  12  0:00  Probe  
  13  0:12  Probe  
  14  0:19  Pylon  
  14  0:24  Probe  
  15  0:33  Probe  
  15  0:41  Probe  
  16  0:44  Gateway  
  17  0:51  Probe  
  17  0:53  Assimilator  
  18  1:01  Pylon  
  18  1:05  Probe  
  19  1:20  Probe  
  20  1:28  Nexus  
  20  1:37  Cybernetics Core  
  20  1:41  Probe  
  20  1:45  Assimilator  
  21  1:53  Probe  
  22  1:56  Pylon  
  22  2:04  Adept  
  22  2:05  Probe  
  25  2:17  Probe  
  25  2:21  Twilight Council  
  25  2:22  Warp Gate  
  26  2:29  Probe  
  27  2:34  Stalker  
  29  2:37  Probe x2  
  31  2:45  Probe x2  
  33  2:54  Robotics Facility  
  33  2:55  Probe  
  33  2:58  Probe  
  35  3:07  Probe  
  35  3:10  Probe  
  37  3:15  Gateway  
  37  3:20  Dark Shrine  
  37  3:21  Probe  
  37  3:23  Probe  
  39  3:29  Gateway  
  39  3:33  Probe  
  40  3:34  Warp Prism  
  40  3:39  Gateway  
  42  3:48  Probe  
  42  3:49  Probe  
  42  3:51  Assimilator  
  42  3:55  Assimilator  
  44  4:01  Probe  
  45  4:06  Pylon  
  45  4:07  Pylon  
  45  4:11  Probe  
  46  4:24  Probe x2  
  46  4:27  Zealot, Adept  
  52  4:37  Probe x2  
  54  4:41  Dark Templar x3  
  54  4:42  Dark Templar  
  54  4:45  Pylon  
  62  4:47  Archon x2  
  62  4:50  Pylon  
  62  5:00  Observer  
  62  5:03  Probe x2  
  62  5:05  Nexus  
  65  5:16  Probe  
  65  5:18  Probe  
  65  5:20  Forge, Pylon  
  67  5:28  Probe  
  67  5:29  Dark Templar  
  67  5:30  Probe  
  67  5:32  Sentry x2  
  67  5:34  Immortal  
  75  5:38  Pylon  
  79  5:50  Probe  
  79  5:56  Probe  
  81  5:58  Pylon  
  81  5:59  Protoss Ground Weapons Level 1  
  81  6:02  Probe  
  82  6:09  Probe  
  81  6:14  Gateway x2, Probe  
  81  6:15  Templar Archives  
  81  6:16  Probe  
  81  6:17  Probe  
  82  6:22  Assimilator  
  82  6:24  Probe  
  84  6:26  Probe, Assimilator  
  84  6:27  Probe  
  87  6:34  Immortal, Probe  
  87  6:35  Pylon  
  87  6:38  Probe  
  93  6:42  Probe  
  93  6:46  Probe  
  95  6:49  Gateway  
  95  6:50  Gateway, Robotics Facility  
  95  6:51  Probe  
  95  6:52  Psionic Storm  
  96  7:03  Probe  
  96  7:04  High Templar x3, Probe  
  104  7:08  Probe  
  104  7:11  Pylon  
  104  7:12  Pylon  
  105  7:16  Probe  
  105  7:17  Immortal  
  105  7:19  Photon Cannon  
  105  7:20  Shield Battery  
  105  7:22  Pylon  
  106  7:23  Pylon x2  
  106  7:24  Pylon  
  110  7:31  High Templar x2  
  114  7:37  Immortal  
  118  7:50  Protoss Ground Weapons Level 2  
  118  7:54  Dark Templar  
  118  7:55  Photon Cannon  
  118  7:58  High Templar, Zealot x4  
  130  8:06  Immortal  
  130  8:08  Nexus  
  130  8:11  Pylon  
  133  8:21  Immortal  
  137  8:32  Probe  
  138  8:42  High Templar x2, Immortal, Zealot x6  
  138  8:45  Pylon  
  138  8:46  Archon  
  158  8:53  Probe  
  159  8:56  Shield Battery  
  159  8:58  Observer  
  159  9:00  Probe  
  159  9:01  Photon Cannon x2  
  160  9:03  Shield Battery  
  160  9:07  Zealot x2, Assimilator  
  165  9:11  Zealot, Assimilator  
  165  9:12  Zealot  
  165  9:14  Probe  
  165  9:15  Probe  
  172  9:17  Probe  
  172  9:18  Charge  
  170  9:25  High Templar  
  170  9:26  High Templar, Zealot x2, Probe  
  170  9:30  Archon  
  177  9:43  Stalker x4  
  181  9:48  Zealot, Dark Templar  
  181  9:51  Observer  
  179  9:55  Probe  
  161  10:00  Probe  
  161  10:01  Zealot  
  161  10:02  Zealot  
  158  10:07  Zealot x3  
  162  10:15  Probe  
  153  10:22  Stalker x3  
  153  10:24  Probe  
  153  10:25  Probe  
  154  10:29  Probe  
  154  10:33  Probe  
  156  10:35  Templar Archives  
  156  10:39  Probe  
  157  10:45  Zealot x7  
  157  10:46  Immortal x2  
  177  11:03  Protoss Ground Weapons Level 3  
  177  11:06  Gateway  
  177  11:09  Gateway  
  177  11:10  Stargate, Gateway x2  
  177  11:13  High Templar x4  
  177  11:17  Zealot x3  
  183  11:39  Zealot x2  
  183  11:44  Probe  
  184  11:49  High Templar x3  
  190  11:54  Probe  
  190  12:01  Zealot x3  
  182  12:05  Zealot x3  
  182  12:08  Probe  
  153  12:22  Zealot x6  
  135  12:25  Archon  
  135  12:28  Probe  
  135  12:29  Immortal x2  
  132  12:31  Zealot x3  
  140  12:44  Zealot  
  140  12:45  High Templar x5  
  152  12:52  Dark Templar x3  
  152  12:55  Nexus  
  152  12:58  Archon  
  158  13:02  Observer  
  158  13:05  Zealot  
  160  13:06  Fleet Beacon  
  160  13:11  Stargate, Probe  
  162  13:17  Zealot x3  
  162  13:18  Zealot x2  
  172  13:25  Zealot x4  
  156  13:35  Probe  
  156  13:36  Probe  
  156  13:37  Observer  
  130  13:45  Zealot x9  
  148  13:51  Probe x2  
  148  13:52  Probe  
  139  13:57  Probe, Tempest  
  139  14:02  Archon  
  127  14:03  Probe, Tempest  
  127  14:05  Zealot x9  
  127  14:09  Probe  
  140  14:19  Protoss Shields Level 1  
  140  14:22  Assimilator  
  140  14:25  Assimilator  
  140  14:26  High Templar x5  
  140  14:27  High Templar x2, Pylon  
  140  14:30  Mothership  
  162  14:53  Photon Cannon  
  162  14:54  Tempest  
  162  14:55  High Templar x2, Tempest  
  162  14:56  Shield Battery  
  162  14:58  Photon Cannon, Pylon x2  
  162  14:59  High Templar x2  
  170  15:00  Zealot x4  
  170  15:03  Archon  
  188  15:19  Protoss Air Weapons Level 1  
  186  15:29  Oracle  
  186  15:35  Nexus  
  186  15:39  Zealot x5  
  186  15:42  Phoenix  
  185  15:43  Observer  
  185  15:49  Observer  
  183  15:52  Probe  
  176  16:07  Stalker x9  
  192  16:15  Probe  
  193  16:25  Pylon  
  180  16:26  Probe  
  180  16:28  Pylon  
  180  16:31  Zealot x8  
  180  16:32  Zealot  
  170  16:51  Photon Cannon  
  163  16:54  Photon Cannon  
  163  16:57  Dark Templar  
  163  16:58  Dark Templar, Zealot x4, Assimilator  
  163  16:59  Zealot x3  
  179  17:03  Assimilator  
  179  17:10  Archon  
  177  17:19  High Templar  
  177  17:20  High Templar x6  
  191  17:23  Archon  
  191  17:24  Archon x2  
  191  17:28  Photon Cannon  
  189  17:31  Photon Cannon  
  189  17:34  Shield Battery  
  189  17:37  Dark Templar x2  
  191  18:05  Zealot x7  
Show
View Real Time Build Order
Export as new Build Order

Armani Zerg 

Build Orders: Hatch First, Lurkers, Roach Hydra 

Get SALT Encoding   

  12  0:01  Drone  
  13  0:12  Overlord  
  13  0:18  Drone  
  14  0:31  Drone  
  15  0:43  Drone  
  15  0:48  Drone  
  17  0:58  Hatchery  
  17  1:01  Drone  
  17  1:05  Drone  
  18  1:15  Extractor  
  17  1:19  Spawning Pool  
  17  1:21  Drone  
  17  1:24  Drone  
  18  1:33  Drone  
  19  1:40  Drone  
  20  1:56  Overlord  
  20  2:06  Queen  
  22  2:10  Queen  
  22  2:12  Drone x2  
  22  2:14  Zergling x2  
  27  2:17  Metabolic Boost  
  27  2:22  Drone  
  28  2:37  Hatchery  
  28  2:40  Zergling x2  
  28  2:42  Zergling x2  
  29  2:47  Zergling x2  
  30  2:53  Queen  
  30  2:58  Overlord  
  32  3:00  Drone  
  32  3:02  Drone  
  32  3:04  Drone  
  35  3:07  Drone  
  36  3:17  Drone x4  
  40  3:20  Drone  
  40  3:24  Overlord  
  40  3:26  Drone  
  42  3:35  Drone  
  42  3:38  Drone  
  44  3:44  Lair  
  44  3:46  Drone, Roach Warren  
  44  3:51  Overlord  
  44  3:56  Drone x3  
  44  4:01  Drone x2, Extractor x2  
  47  4:03  Drone  
  47  4:08  Drone x3  
  51  4:13  Drone  
  52  4:17  Spore Crawler  
  52  4:18  Spore Crawler  
  50  4:28  Roach  
  50  4:29  Roach x4  
  60  4:34  Roach x2  
  64  4:39  Drone x2  
  64  4:44  Overseer  
  64  4:45  Overlord  
  66  4:48  Overlord  
  66  4:53  Overseer  
  66  4:58  Glial Reconstitution  
  66  5:00  Overlord  
  66  5:05  Roach x2  
  69  5:07  Drone x4  
  69  5:11  Drone  
  70  5:20  Drone x6  
  75  5:24  Queen, Extractor x2  
  75  5:29  Roach  
  75  5:30  Roach  
  75  5:32  Overlord  
  79  5:40  Spire  
  78  5:43  Drone  
  78  5:47  Drone x2  
  81  5:50  Drone  
  81  5:53  Drone x2  
  81  5:54  Drone x2  
  87  5:58  Evolution Chamber  
  87  6:00  Zergling x8  
  87  6:01  Overlord  
  89  6:06  Drone  
  89  6:08  Drone  
  90  6:14  Overlord  
  90  6:15  Hydralisk Den  
  90  6:16  Overlord  
  90  6:18  Extractor  
  88  6:21  Drone x3  
  91  6:26  Drone  
  91  6:27  Drone x2  
  91  6:28  Zerg Missile Weapons Level 1, Overlord  
  91  6:29  Overlord  
  91  6:32  Queen  
  96  6:35  Drone x2  
  98  6:42  Hatchery  
  98  6:46  Grooved Spines  
  97  6:49  Drone x2  
  97  6:50  Lurker Den  
  100  7:04  Hydralisk x5  
  108  7:09  Hydralisk x4  
  116  7:15  Drone  
  116  7:16  Drone x5  
  116  7:19  Overlord  
  116  7:22  Overlord  
  122  7:25  Pneumatized Carapace  
  122  7:32  Overlord  
  122  7:39  Roach x4  
  122  7:40  Ravager  
  122  7:41  Ravager x6  
  122  7:42  Spore Crawler, Hydralisk  
  138  7:46  Overlord  
  138  7:47  Overlord x2  
  138  7:51  Overlord  
  138  7:54  Drone x4  
  143  7:58  Drone x2  
  143  8:03  Overlord  
  143  8:04  Overlord x2  
  144  8:16  Lurker x6  
  149  8:23  Drone  
  149  8:24  Infestation Pit, Zergling x18  
  154  8:29  Drone x4  
  156  8:35  Spore Crawler  
  156  8:36  Spine Crawler  
  154  8:42  Hydralisk x2  
  154  8:43  Hydralisk  
  154  8:44  Drone  
  154  8:45  Drone  
  162  8:49  Muscular Augments  
  162  8:51  Drone  
  162  8:54  Spine Crawler  
  161  8:59  Lurker  
  161  9:00  Lurker x2  
  164  9:08  Hydralisk x2  
  168  9:12  Drone x2, Extractor  
  168  9:13  Hydralisk x2, Extractor  
  172  9:18  Zergling x8  
  172  9:19  Zergling x16  
  172  9:21  Drone x3  
  187  9:25  Zerg Missile Weapons Level 2  
  187  9:41  Hive  
  187  9:46  Zergling x26  
  168  10:13  Hydralisk  
  168  10:14  Hydralisk x7  
  166  10:17  Roach  
  166  10:18  Roach x7  
  181  10:25  Lurker  
  173  10:34  Roach  
  173  10:35  Roach x8  
  191  10:42  Drone  
  184  10:44  Drone x2  
  184  10:46  Queen  
  179  10:52  Lurker x2  
  179  10:53  Lurker  
  182  10:59  Adaptive Talons  
  182  11:05  Zergling x26  
  195  11:11  Hydralisk x2  
  199  11:24  Hatchery  
  198  11:29  Hydralisk  
  198  11:30  Hydralisk x2  
  198  11:39  Overseer  
  188  11:46  Hydralisk x6  
  197  11:55  Zergling x8  
  196  12:01  Overlord  
  196  12:02  Overlord  
  196  12:03  Overseer x2  
  196  12:04  Overlord  
  196  12:05  Overlord  
  196  12:08  Overlord  
  163  12:17  Hydralisk x7  
  151  12:27  Hydralisk x3  
  142  12:32  Queen x2  
  142  12:35  Roach x4  
  146  12:41  Roach x3  
  152  12:50  Roach x3  
  158  12:52  Roach x3  
  158  12:55  Lurker x5  
  158  12:57  Roach  
  171  13:02  Hydralisk x5  
  177  13:13  Hydralisk x2  
  177  13:14  Hydralisk x7  
  180  13:28  Roach x6  
  180  13:32  Hydralisk x2  
  168  13:36  Hydralisk x5  
  162  13:43  Hydralisk x2  
  162  13:44  Hydralisk x2  
  125  14:06  Hydralisk x7  
  121  14:13  Roach  
  121  14:14  Roach x3  
  121  14:15  Drone  
  124  14:20  Zerg Missile Weapons Level 3  
  123  14:26  Spine Crawler  
  123  14:27  Lurker, Spine Crawler  
  123  14:31  Ravager  
  123  14:32  Roach  
  123  14:33  Zergling x2  
  123  14:34  Zergling x2  
  123  14:38  Extractor  
  126  14:39  Extractor  
  126  14:40  Roach x2  
  129  14:50  Roach  
  129  14:51  Roach x4  
  139  14:53  Ravager x2  
  139  14:57  Drone x3  
  139  14:58  Drone  
  139  14:59  Drone  
  146  15:03  Drone x3  
  146  15:06  Roach  
  153  15:07  Roach  
  153  15:09  Ravager x3  
  156  15:20  Hydralisk x4  
  163  15:25  Swarm Host  
  163  15:26  Zergling x4  
  163  15:27  Zergling x2  
  169  15:31  Overseer  
  169  15:32  Overseer  
  162  15:48  Hydralisk x6  
  164  16:01  Drone x8  
  166  16:09  Hydralisk x2  
  155  16:21  Hydralisk x4  
  155  16:23  Hydralisk x2  
  156  16:27  Zergling x6  
  156  16:28  Zergling x2  
  154  16:41  Pathogen Glands  
  154  16:46  Lurker x2  
  149  16:49  Infestor x3  
  151  16:59  Overseer x2  
  141  17:05  Hydralisk x4  
  143  17:10  Hatchery  
  143  17:11  Spore Crawler, Zergling x4  
  143  17:12  Spore Crawler x2, Zergling x2  
  142  17:20  Zergling x12  
  148  17:28  Queen  
  149  17:32  Hydralisk x2  
  149  17:33  Hydralisk  
  152  17:42  Lurker x2  
  152  17:43  Lurker x3  
  154  17:58  Hydralisk x5  
Tags
 
Add a new tag
Caveats
  • Supply blocks, unpowered buildings, or Contaminate may cause inaccurate times.
  • Supply counts are checked every 10 seconds.